| TOP OF THE 1ST |
|
Limon Calypsos batting - Pitching for San Jose Volcanoes : LHP Joe W Price
|
|
Pitching: LHP Joe W Price
|
|
|
Batting: RHB Randy Milligan
|
0-0: SINGLE (Groundball, 5D, EV 100.6 MPH)
|
|
Batting: RHB Greg Gagne
|
0-0: Foul Ball, location: 2F 0-1: Ball 1-1: Ball 2-1: Fielders Choice at 2nd, 6-4 (Groundball, 6, EV 89.4 MPH)
|
|
Batting: LHB Phil Stephenson
|
0-0: Ball 1-0: Called Strike 1-1: Ball 2-1: Foul Ball, location: 2F 2-2: Strikes out swinging
|
|
Batting: LHB Mike Pagliarulo
|
0-0: Ball 1-0: Ball 2-0: Fly out, F6 (Flyball, 5D, EV 76.9 MPH)
|
| Top of the 1st over - 0 runs, 1 hit, 0 errors, 1 left on base; Limon 0 - San Jose 0 |
| BOTTOM OF THE 1ST |
|
San Jose Volcanoes batting - Pitching for Limon Calypsos : LHP Paul Gibson
|
|
Pitching: LHP Paul Gibson
|
|
|
Batting: RHB Anthony Laurenzi
|
0-0: Foul Ball, location: 2F 0-1: Ball 1-1: Ball 2-1: Swinging Strike 2-2: Ball 3-2: Base on Balls
|
|
Batting: RHB Jay Schellin
|
0-0: Swinging Strike 0-1: Ball 1-1: Foul Ball, location: 2F 1-2: Strikes out swinging Anthony Laurenzi steals 2nd base (no throw) Batter strikes out.
|
|
Batting: LHB Mike LaValliere
|
0-0: Called Strike 0-1: Fly out, F9 (Flyball, 89S, EV 91.9 MPH)
|
|
Batting: LHB Pete M O'Brien
|
0-0: Swinging Strike 0-1: Called Strike 0-2: Ball 1-2: Fly out, F8 (Flyball, 8RM, EV 90.0 MPH)
|
| Bottom of the 1st over - 0 runs, 0 hits, 0 errors, 1 left on base; Limon 0 - San Jose 0 |
| TOP OF THE 2ND |
|
Limon Calypsos batting - Pitching for San Jose Volcanoes : LHP Joe W Price
|
|
Batting: RHB Rock Coyle
|
0-0: Swinging Strike 0-1: Ball 1-1: Foul Ball, location: 2F 1-2: Strikes out looking
|
|
Batting: RHB Nehames Bernstine
|
0-0: Fly out, F9 (Line Drive, 9, EV 88.1 MPH)
|
|
Batting: SHB Bobby Bonilla
|
0-0: Ball 1-0: Ground out 6-3 (Groundball, 6, EV 86.9 MPH)
|
| Top of the 2nd over - 0 runs, 0 hits, 0 errors, 0 left on base; Limon 0 - San Jose 0 |
| BOTTOM OF THE 2ND |
|
San Jose Volcanoes batting - Pitching for Limon Calypsos : LHP Paul Gibson
|
|
Batting: RHB Jeff Spisok
|
0-0: Ball 1-0: Ball 2-0: Ball 3-0: Base on Balls
|
|
Batting: RHB Brian David
|
0-0: Ball 1-0: Ball 2-0: Fielders Choice at 2nd, 6-4 (Groundball, 6, EV 101.9 MPH)
|
|
Batting: RHB Tony Evans
|
0-0: Ball 1-0: Ball 2-0: Called Strike 2-1: Reached on error, E5 (Groundball, 56, EV 80.0 MPH) Brian David to second
|
|
Batting: RHB David Hoyt
|
0-0: Swinging Strike 0-1: Ball 1-1: Swinging Strike 1-2: Strikes out swinging
|
|
Batting: RHB Henry Powell
|
0-0: Called Strike 0-1: Foul Ball, location: 2F 0-2: Ball 1-2: Strikes out swinging
|
| Bottom of the 2nd over - 0 runs, 0 hits, 1 error, 2 left on base; Limon 0 - San Jose 0 |
| TOP OF THE 3RD |
|
Limon Calypsos batting - Pitching for San Jose Volcanoes : LHP Joe W Price
|
|
Batting: RHB Rob Deer
|
0-0: Fly out, F8 (Flyball, 8RS, EV 91.3 MPH)
|
|
Batting: LHB Jesus Marinez
|
0-0: Ball 1-0: Fly out, F6 (Popup, 6M, EV 64.4 MPH)
|
|
Batting: RHB Randy Milligan
|
0-0: Foul Ball, location: 2F 0-1: Fly out, F8 (Flyball, 8LS, EV 77.5 MPH)
|
| Top of the 3rd over - 0 runs, 0 hits, 0 errors, 0 left on base; Limon 0 - San Jose 0 |
| BOTTOM OF THE 3RD |
|
San Jose Volcanoes batting - Pitching for Limon Calypsos : LHP Paul Gibson
|
|
Batting: RHB Anthony Laurenzi
|
0-0: Ground out 5-3 (Groundball, 5, EV 80.6 MPH)
|
|
Batting: RHB Jay Schellin
|
0-0: Ball 1-0: Called Strike 1-1: Ground out 6-3 (Groundball, 6, EV 83.8 MPH)
|
|
Batting: LHB Mike LaValliere
|
0-0: Called Strike 0-1: Called Strike 0-2: Fly out, F8 (Flyball, 8LS, EV 84.4 MPH)
|
| Bottom of the 3rd over - 0 runs, 0 hits, 0 errors, 0 left on base; Limon 0 - San Jose 0 |
| TOP OF THE 4TH |
|
Limon Calypsos batting - Pitching for San Jose Volcanoes : LHP Joe W Price
|
|
Batting: RHB Greg Gagne
|
0-0: Called Strike 0-1: Fly out, F8 (Line Drive, 8RD, EV 91.9 MPH)
|
|
Batting: LHB Phil Stephenson
|
0-0: Ball 1-0: Ball 2-0: Ball 3-0: Called Strike 3-1: DOUBLE (Flyball, 78D, EV 104.4 MPH)
|
|
Batting: LHB Mike Pagliarulo
|
0-0: Called Strike 0-1: Foul Ball, location: 2F 0-2: Ball 1-2: Foul Ball, location: 2F 1-2: Ball Wild Pitch! Phil Stephenson to third 2-2: SINGLE (Line Drive, 56, EV 105.0 MPH) Phil Stephenson scores
|
|
Batting: RHB Rock Coyle
|
0-0: Foul Ball, location: 2F 0-1: Ball 1-1: Ball 2-1: Ball 3-1: Fly out, F8 (Flyball, 8RM, EV 86.9 MPH)
|
|
Batting: RHB Nehames Bernstine
|
0-0: Ball 1-0: Ball 2-0: Ball 3-0: Base on Balls Mike Pagliarulo to second
|
|
Batting: SHB Bobby Bonilla
|
0-0: Ball 1-0: Ball 2-0: Called Strike 2-1: Fielders Choice at 2nd, 6-4 (Groundball, 6, EV 87.5 MPH)
|
| Top of the 4th over - 1 run, 2 hits, 0 errors, 2 left on base; Limon 1 - San Jose 0 |
| BOTTOM OF THE 4TH |
|
San Jose Volcanoes batting - Pitching for Limon Calypsos : LHP Paul Gibson
|
|
Batting: LHB Pete M O'Brien
|
0-0: Called Strike 0-1: Ball 1-1: Ball 2-1: Fly out, F9 (Flyball, 9LM, EV 101.3 MPH)
|
|
Batting: RHB Jeff Spisok
|
0-0: Ball 1-0: Called Strike 1-1: Fly out, F7 (Flyball, 7S, EV 88.8 MPH)
|
|
Batting: RHB Brian David
|
0-0: Called Strike 0-1: Swinging Strike 0-2: Strikes out swinging
|
| Bottom of the 4th over - 0 runs, 0 hits, 0 errors, 0 left on base; Limon 1 - San Jose 0 |
| TOP OF THE 5TH |
|
Limon Calypsos batting - Pitching for San Jose Volcanoes : LHP Joe W Price
|
|
Batting: RHB Rob Deer
|
0-0: Ball 1-0: Ball 2-0: Called Strike 2-1: Reached on error, E5 (Groundball, 56, EV 108.1 MPH)
|
|
Batting: LHB Jesus Marinez
|
0-0: Ball 1-0: Grounds into double play, 4-6-3 (Groundball, 34, EV 112.5 MPH)
|
|
Batting: RHB Randy Milligan
|
0-0: Foul Ball, location: 2F 0-1: Ball 1-1: Foul Ball, location: 2F 1-2: Foul Ball, location: 2F 1-2: Ball 2-2: Foul Ball, location: 2F 2-2: Ball 3-2: Base on Balls
|
|
Batting: RHB Greg Gagne
|
0-0: Swinging Strike 0-1: Called Strike Randy Milligan steals 2nd base 0-2: Foul Ball, location: 2F 0-2: Ground out 5-3 (Groundball, 56, EV 103.8 MPH)
|
| Top of the 5th over - 0 runs, 0 hits, 1 error, 1 left on base; Limon 1 - San Jose 0 |
| BOTTOM OF THE 5TH |
|
San Jose Volcanoes batting - Pitching for Limon Calypsos : LHP Paul Gibson
|
|
Batting: RHB Tony Evans
|
0-0: Swinging Strike 0-1: Swinging Strike 0-2: Ball 1-2: Strikes out swinging
|
|
Batting: RHB David Hoyt
|
0-0: Called Strike 0-1: Called Strike 0-2: Strikes out swinging
|
|
Batting: RHB Henry Powell
|
0-0: Called Strike 0-1: Swinging Strike 0-2: Ball 1-2: Foul Ball, location: 2F 1-2: Ball 2-2: Fly out, F7 (Flyball, 78D, EV 97.5 MPH)
|
| Bottom of the 5th over - 0 runs, 0 hits, 0 errors, 0 left on base; Limon 1 - San Jose 0 |
| TOP OF THE 6TH |
|
Limon Calypsos batting - Pitching for San Jose Volcanoes : LHP Joe W Price
|
|
Batting: LHB Phil Stephenson
|
0-0: Foul Ball, location: 2F 0-1: Ball 1-1: SINGLE (Line Drive, 89S, EV 111.3 MPH)
|
|
Batting: LHB Mike Pagliarulo
|
0-0: Called Strike 0-1: Foul Ball, location: 2F 0-2: Ball 1-2: Strikes out swinging
|
|
Batting: RHB Rock Coyle
|
0-0: Ball 1-0: DOUBLE (Line Drive, 7LS, EV 113.1 MPH) Phil Stephenson to third Runner from 3rd tries for Home, SAFE, throw by LF to home
|
|
Batting: RHB Nehames Bernstine
|
0-0: Called Strike 0-1: Ball 1-1: Ball 2-1: Ground out 6-3 (Groundball, 6, EV 84.4 MPH) Rock Coyle to third
|
|
Batting: SHB Bobby Bonilla
|
0-0: Called Strike 0-1: Foul Ball, location: 2F 0-2: Strikes out swinging
|
| Top of the 6th over - 1 run, 2 hits, 0 errors, 1 left on base; Limon 2 - San Jose 0 |
| BOTTOM OF THE 6TH |
|
San Jose Volcanoes batting - Pitching for Limon Calypsos : LHP Paul Gibson
|
|
Batting: RHB Anthony Laurenzi
|
0-0: Ball 1-0: Called Strike 1-1: Foul Ball, location: 2F 1-2: Strikes out swinging
|
|
Batting: RHB Jay Schellin
|
0-0: Swinging Strike 0-1: Swinging Strike 0-2: Ball 1-2: Ball 2-2: Fly out, F8 (Line Drive, 8RD, EV 93.8 MPH)
|
|
Batting: LHB Mike LaValliere
|
0-0: Ball 1-0: Ball 2-0: Fly out, F6 (Popup, 15S, EV 73.1 MPH)
|
| Bottom of the 6th over - 0 runs, 0 hits, 0 errors, 0 left on base; Limon 2 - San Jose 0 |
| TOP OF THE 7TH |
|
Limon Calypsos batting - Pitching for San Jose Volcanoes : LHP Joe W Price
|
|
Batting: RHB Rob Deer
|
0-0: Foul Ball, location: 2F 0-1: Ball 1-1: Foul Ball, location: 2F 1-2: SINGLE (Groundball, 6D, EV 100.6 MPH)
|
|
Batting: LHB Jesus Marinez
|
0-0: Ball 1-0: Called Strike 1-1: Foul Ball, location: 2F 1-2: Strikes out looking
|
|
Batting: RHB Randy Milligan
|
0-0: Ball 1-0: Ball 2-0: Foul Ball, location: 2F 2-1: Ball 3-1: SINGLE (Line Drive, 78S, EV 91.3 MPH) Rob Deer to second Runner from 2nd tries for 3rd, SAFE, throw by CF made to third
|
|
Batting: RHB Greg Gagne
|
0-0: Called Strike 0-1: Ball 1-1: Fly out, F7 (Flyball, 7, EV 88.1 MPH) Runner from 3rd tags up, OUT at HOME! 7-2
|
| Top of the 7th over - 0 runs, 2 hits, 0 errors, 1 left on base; Limon 2 - San Jose 0 |
| BOTTOM OF THE 7TH |
|
San Jose Volcanoes batting - Pitching for Limon Calypsos : LHP Paul Gibson
|
|
Batting: LHB Pete M O'Brien
|
0-0: Ground out 4-3 (Groundball, 4, EV 90.6 MPH)
|
|
Batting: RHB Jeff Spisok
|
0-0: Ball 1-0: Ball 2-0: Ball 3-0: Base on Balls
|
|
Batting: RHB Brian David
|
0-0: Ball 1-0: Ball 2-0: Foul Ball, location: 2F 2-1: Ground out 6-3 (Groundball, 6MD, EV 107.5 MPH) Jeff Spisok to second
|
|
Batting: RHB Tony Evans
|
0-0: Ball 1-0: Called Strike 1-1: Ball 2-1: Foul Ball, location: 2F 2-2: Foul Ball, location: 2F 2-2: Foul Ball, location: 2F 2-2: Fly out, F9 (Line Drive, 9D, EV 95.0 MPH)
|
| Bottom of the 7th over - 0 runs, 0 hits, 0 errors, 1 left on base; Limon 2 - San Jose 0 |
| TOP OF THE 8TH |
|
Limon Calypsos batting - Pitching for San Jose Volcanoes : LHP Joe W Price
|
|
Batting: LHB Phil Stephenson
|
0-0: Called Strike 0-1: SINGLE (Groundball, 6MS, EV 68.1 MPH) (infield hit)
|
|
Batting: LHB Mike Pagliarulo
|
0-0: SINGLE (Groundball, 4M, EV 84.4 MPH) (infield hit) Phil Stephenson to second
|
|
Batting: RHB Rock Coyle
|
0-0: Ball 1-0: Foul Ball, location: 2F 1-1: Ball 2-1: Reached on error, E6 (Groundball, 6, EV 83.1 MPH) Phil Stephenson to third Mike Pagliarulo to second
|
|
Batting: RHB Nehames Bernstine
|
0-0: Ball 1-0: Swinging Strike 1-1: Ball 2-1: Ball 3-1: Swinging Strike 3-2: Strikes out looking
|
|
Batting: SHB Bobby Bonilla
|
0-0: Swinging Strike 0-1: Called Strike 0-2: Foul Ball, location: 2F 0-2: Ball 1-2: Strikes out swinging
|
|
Batting: RHB Rob Deer
|
0-0: Called Strike 0-1: Ball 1-1: Ball 2-1: Swinging Strike 2-2: Ball 3-2: Base on Balls Phil Stephenson scores Mike Pagliarulo to third Rock Coyle to second
|
|
Batting: LHB Jesus Marinez
|
0-0: Ball 1-0: Ball 2-0: Ball 3-0: Called Strike 3-1: Base on Balls Mike Pagliarulo scores Rock Coyle to third Rob Deer to second
|
|
Batting: RHB Randy Milligan
|
0-0: Called Strike 0-1: Ball 1-1: Foul Ball, location: 2F 1-2: SINGLE (Popup, 3D, EV 62.5 MPH) Rock Coyle scores Rob Deer to third Jesus Marinez to second Runner from 3rd tries for Home, throw by 2B and OUT! 4-2
|
| Top of the 8th over - 3 runs, 3 hits, 1 error, 2 left on base; Limon 5 - San Jose 0 |
| BOTTOM OF THE 8TH |
|
San Jose Volcanoes batting - Pitching for Limon Calypsos : LHP Paul Gibson
|
|
Batting: RHB David Hoyt
|
0-0: Swinging Strike 0-1: Ball 1-1: Fly out, F7 (Flyball, 78S, EV 89.4 MPH)
|
|
Batting: RHB Henry Powell
|
0-0: Called Strike 0-1: Foul Ball, location: 2F 0-2: Ground out U3 (Groundball, 34S, EV 93.1 MPH)
|
|
Batting: RHB Anthony Laurenzi
|
0-0: Called Strike 0-1: SINGLE (Line Drive, 78S, EV 96.9 MPH)
|
|
Pitching: RHP Keith Bonine
|
|
|
Batting: RHB Jay Schellin
|
0-0: Ball 1-0: Foul Ball, location: 2F 1-1: Ball 2-1: Foul Ball, location: 2F 2-2: Foul Ball, location: 2F 2-2: Ground out 4-3 (Groundball, 4, EV 88.8 MPH)
|
| Bottom of the 8th over - 0 runs, 1 hit, 0 errors, 1 left on base; Limon 5 - San Jose 0 |
| TOP OF THE 9TH |
|
Limon Calypsos batting - Pitching for San Jose Volcanoes : LHP Joe W Price
|
|
Pitching: RHP Rodolfo Apodaca
|
|
|
Batting: RHB Greg Gagne
|
0-0: Called Strike 0-1: Ball 1-1: SINGLE (Groundball, 5S, EV 68.1 MPH) (infield hit)
|
|
Batting: LHB Phil Stephenson
|
0-0: Ball 1-0: SINGLE (Flyball, 7S, EV 94.4 MPH) Greg Gagne to second
|
|
Batting: LHB Mike Pagliarulo
|
0-0: Foul Ball, location: 2F 0-1: Ball 1-1: Fly out, F8 (Flyball, 8RD, EV 89.4 MPH)
|
|
Batting: RHB Rock Coyle
|
0-0: Ball 1-0: Foul Ball, location: 2F 1-1: Foul Ball, location: 2F 1-2: Fly out, F4 (Line Drive, 4, EV 70.6 MPH)
|
|
Batting: RHB Nehames Bernstine
|
0-0: Called Strike 0-1: Fly out, F7 (Flyball, 78S, EV 88.8 MPH)
|
| Top of the 9th over - 0 runs, 2 hits, 0 errors, 2 left on base; Limon 5 - San Jose 0 |
| BOTTOM OF THE 9TH |
|
San Jose Volcanoes batting - Pitching for Limon Calypsos : RHP Keith Bonine
|
|
Batting: LHB Mike LaValliere
|
0-0: Ball 1-0: Fly out, F7 (Flyball, 7, EV 95.0 MPH)
|
|
Batting: LHB Pete M O'Brien
|
0-0: DOUBLE (Line Drive, 7LM, EV 107.5 MPH)
|
|
Batting: RHB Jeff Spisok
|
0-0: Called Strike 0-1: Called Strike 0-2: Foul Ball, location: 2F 0-2: Foul Ball, location: 2F 0-2: Ball 1-2: Strikes out looking
|
|
Batting: RHB Brian David
|
0-0: Swinging Strike 0-1: Ball 1-1: Fly out, F8 (Flyball, 8RS, EV 95.0 MPH)
|
| Bottom of the 9th over - 0 runs, 1 hit, 0 errors, 1 left on base; Limon 5 - San Jose 0 |
|